 Dungeon Crawl Stone Soup version 0.22-a0-785-g6253c82ace (webtiles) character file.

277 Oravi the Digger (level 6, -2/37 HPs)
             Began as a Gargoyle Earth Elementalist on July 20, 2018.
             Killed by divine providence
             ... invoked by an orc priest
              (14 damage)
             ... on level 4 of the Dungeon.
             The game lasted 00:14:29 (3216 turns).

Oravi the Digger (Gargoyle Earth Elementalist)      Turns: 3216, Time: 00:14:30

Health: -2/37      AC: 10    Str: 12    XL:     6   Next: 25%
Magic:  2/11       EV: 12    Int: 17    God:
Gold:   134        SH:  0    Dex: 10    Spells: 6/12 levels left

rFire    . . .     SeeInvis .   B - +0 whip (freeze)
rCold    . . .     Gourm    .   (no shield)
rNeg     + . .     Faith    .   g - +0 steam dragon scales
rPois    ∞         Spirit   .   (no helmet)
rElec    +         Reflect  .   (no cloak)
rCorr    .         Harm     .   (no gloves)
MR       .....                  j - +0 pair of boots
Stlth    ++........             l - amulet of the acrobat
HPRegen  0.12/turn              (no ring)
MPRegen  0.12/turn              (no ring)

@: no status effects
A: negative energy resistance 1, electricity resistance, unbreathing,
petrification resistance, rot immunity, AC +4
a: no special abilities


You were on level 4 of the Dungeon.
You were not hungry.

You visited 1 branch of the dungeon, and saw 4 of its levels.

You collected 134 gold pieces.

Inventory:

Hand Weapons
 e - a +0 dagger
 B - a +0 whip of freezing (weapon)
Missiles
 b - 136 stones (quivered)
 h - 78 arrows
 p - 13 curare-tipped needles
Armour
 c - a +0 robe
 g - +0 steam dragon scales (worn)
 j - a +0 pair of boots (worn)
Jewellery
 l - an amulet of the acrobat (around neck)
 t - an uncursed amulet of the gourmand
Scrolls
 f - 3 scrolls of remove curse
 r - 2 scrolls of amnesia
Potions
 a - a potion of resistance
 i - 3 potions of magic
 k - a potion of curing
 m - a potion of lignification {unknown}
 n - 2 potions of mutation {unknown}
 o - a potion of brilliance {unknown}
 s - a potion of might {unknown}
 z - a potion of berserk rage {unknown}
 A - a potion of haste {unknown}
Comestibles
 d - 9 rations
 q - 6 chunks of flesh


   Skills:
 + Level 3.2 Fighting
 - Level 1.5 Dodging
 - Level 2.1 Stealth
 + Level 3.5 Spellcasting
 + Level 2.1 Conjurations
 - Level 0.7 Transmutations
 + Level 5.3 Earth Magic


You had 6 spell levels left.
You knew the following spells:

 Your Spells              Type           Power        Failure   Level  Hunger
a - Sandblast             Erth           ###...       1%          1    None
b - Stone Arrow           Conj/Erth      ###...       11%         3    ###....
c - Passwall              Tmut/Erth      ##......     8%          2    ##.....

Your spell library contained the following spells:

 Spells                   Type           Power        Failure   Level  Hunger
 Confuse                  Hex            #.......     45%         3    ###....
 Spider Form              Tmut/Pois      #.........   38%         3    ###....
 Blade Hands              Tmut           #.........   98%         5    ######.
 Ice Form                 Ice/Tmut       #.......     80%         4    ####...
 Confusing Touch          Hex            #.....       17%         1    None
 Sticks to Snakes         Tmut           #.......     19%         2    ##.....
 Metabolic Englaciation   Hex/Ice        #.........   99%         5    ######.
 Lee's Rapid Deconstruct  Erth           ###.......   45%         5    ######.
 Petrify                  Tmut/Erth      ##......     43%         4    ####...
 Beastly Appendage        Tmut           #.....       12%         1    None
 Gell's Gravitas          Tloc           #.........   45%         3    ###....
 Yara's Violent Unravell  Hex/Tmut       #.........   98%         5    ######.


Dungeon Overview and Level Annotations

Branches:
Dungeon (4/15)
 Temple: D:4-7

Altars:
Fedhas
Qazlal
Ru

Annotations:
D:4 exclusion: ogre, Sigmund


Innate Abilities, Weirdness & Mutations

You are resistant to torment.
Your stone body is resilient. (AC +4)
You are immune to poison.
You resist negative energy. (rN+)
You are resistant to electric shocks. (rElec)
You can survive without breathing.
You are immune to petrification.
You are immune to rotting.


Message History

The orc wizard looks satisfied for a moment.
The orc priest looks encouraged for a moment.
The orc wizard gestures at you while chanting.
The puff of frost misses you.
You are too injured to fight recklessly!
You are too injured to fight recklessly!
You feel better.
The orc wizard points at you and mumbles some strange words.
The puff of frost hits you!
You are too injured to fight recklessly!
You are too injured to fight recklessly!
You hit the orc wizard but do no damage.
The orc wizard hits you with a dagger. The orc wizard barely misses you.
You hit the orc wizard but do no damage.
The orc wizard hits you but does no damage.
The orc wizard casts a spell at you. The magic dart hits you!
The orc priest mumbles some strange prayers to Beogh against you.
Beogh smites you!
You die...

#................#
#.#..............#
#.#..........#####
#.#...######.#
#.#...# #....# .
#.##### #....#####
#.
#.#######..........
.#+#
#.......'.....#####
.#.#
##########@..#.#
.#.#
.......o.o...#.#
h..#
########o######.#
..#...# #.# .
<.h<..# #.# #
.####.# #o# h. #o#
### #)# #.)....._


You could see an orc priest, an orc wizard and an orc.

Vanquished Creatures
  An orc priest (D:4)
  2 hounds
  Natasha (thrice) (D:2 D:3)
  2 adders (D:3)
  An ooze (D:1)
  10 dart slugs
  2 leopard geckos (D:3)
  7 orcs
  6 bats
  4 giant cockroaches
  9 goblins
  6 hobgoblins
  3 jackals (D:2)
  A quokka (D:2)
  2 frilled lizards
  4 kobolds
  9 rats
72 creatures vanquished.

Notes
Turn   | Place    | Note
-------+----------+-------------------------------------------
     0 | D:1      | Oravi the Gargoyle Earth Elementalist began the quest for the Orb.
     0 | D:1      | Reached XP level 1. HP: 10/10 MP: 3/3
   377 | D:1      | Reached XP level 2. HP: 16/16 MP: 0/5
   475 | D:1      | Reached skill level 4 in Earth Magic
   485 | D:1      | Reached skill level 1 in Fighting
   787 | D:1      | Reached XP level 3. HP: 18/20 MP: 6/6
  1123 | D:2      | Found a stormy altar of Qazlal.
  1126 | D:2      | Found a blossoming altar of Fedhas.
  1329 | D:2      | Learned a level 3 spell: Stone Arrow
  1332 | D:2      | Learned a level 2 spell: Passwall
  1520 | D:2      | Noticed Natasha
  1534 | D:2      | Killed Natasha
  1534 | D:2      | Reached XP level 4. HP: 22/26 MP: 0/8
  2093 | D:3      | Noticed Natasha
  2099 | D:3      | Killed Natasha
  2229 | D:3      | Reached skill level 1 in Conjurations
  2229 | D:3      | Reached XP level 5. HP: 19/31 MP: 9/9
  2348 | D:3      | Noticed Natasha
  2349 | D:3      | Killed Natasha
  2349 | D:3      | Reached skill level 5 in Earth Magic
  2996 | D:4      | Noticed Sigmund
  3041 | D:4      | Noticed an ogre
  3173 | D:4      | Reached XP level 6. HP: 31/37 MP: 11/11
  3186 | D:4      | Found a sacrificial altar of Ru.
  3216 | D:4      | Killed from afar by an orc priest

Vault maps used:
D:1:      elethiomel_arrival_infinity_welcomes_careful_drivers, minmay_tripent
D:2:      grunt_temple_overflow_forces_of_nature, bh_walls_and_bars,
          uniq_natasha
D:3:      kennysheep_slugbush, first_ration, minivault_14, minmay_crystal_water
D:4:      cheibrodos_thug_alley, nicolae_ru_sacrificial_ziggurat,
          nicolae_overflow_hidden_temple, uniq_sigmund, uniq_grinder

Skill      XL: |  1  2  3  4  5 |
---------------+----------------+-----
Earth Magic    | 4 5 |  5.3
Fighting       | 1 2 3 |  3.2
Spellcasting   | 3 |  3.5
Conjurations   | 1 2 |  2.1
Dodging        | |  1.5
Stealth        | |  2.1
Transmutations | |  0.7

Action                   |  1- 3 |  4- 6 || total
-------------------------+-------+-------++-------
Melee: Dagger            |    78 |   145 ||   223
       Whip              |       |    33 ||    33
Throw: Stone             |     4 |     3 ||     7
 Cast: Sandblast         |    18 |    45 ||    63
  Use: Scroll            |       |     9 ||     9
       Potion            |       |     1 ||     1
 Stab: Sleeping          |     4 |     2 ||     6
  Eat: Chunk             |     2 |     6 ||     8
Armor: Steam dragon scal |    29 |    83 ||   112
Dodge: Dodged            |    55 |   120 ||   175

Table legend:
 A = Spawn XP
 B = Non-spawn XP
 C = Spawn XP percentage of total XP
 D = Spawn monster count
 E = Non-spawn monster count
 F = Spawn count percentage of total count
 G = Total turns spent on level
                    A         B        C        D         E        F      G
               +---------+---------+-------+---------+---------+-------+---------
         Total |       0 |     396 |   0.0 |       0 |      72 |   0.0 |  3216
               +---------+---------+-------+---------+---------+-------+---------
           D:1 |       0 |      40 |   0.0 |       0 |      24 |   0.0 |  1107
           D:2 |       0 |      53 |   0.0 |       0 |       9 |   0.0 |   943
           D:3 |       0 |     210 |   0.0 |       0 |      33 |   0.0 |   984
           D:4 |       0 |      93 |   0.0 |       0 |       6 |   0.0 |   182
               +---------+---------+-------+---------+---------+-------+---------
